 Dungeon Crawl Stone Soup version 0.27.0-1-g7a089689b8 (webtiles) character file.

Game seed: 10017355772792068728

88 SnakkuSnakku7 the Chopper (level 4, -3/42 HPs)
             Began as a Minotaur Berserker on Aug 11, 2021.
             Was a Believer of Trog.
             Slain by a black bear (5 damage)
             ... on level 3 of the Dungeon.
             The game lasted 00:01:57 (1170 turns).

SnakkuSnakku7 the Chopper (Minotaur Berserker)      Turns: 1170, Time: 00:01:58

Health: -3/42      AC:  2    Str: 22    XL:     4   Next: 30%
Magic:  3/3        EV: 12    Int:  4    God:    Trog [**....]
Gold:   99         SH:  0    Dex: 10    Spells: 3/3 levels left

rFire    . . .     SeeInvis .   a - +0 hand axe
rCold    . . .     Faith    .   (no shield)
rNeg     . . .     Spirit   .   b - +0 animal skin
rPois    .         Reflect  .   (helmet restricted)
rElec    .         Harm     .   (no cloak)
rCorr    .         Rampage  .   (no gloves)
Will     .....                  (no boots)
Stlth    +.........             (no amulet)
HPRegen  0.14/turn              (no ring)
MPRegen  0.08/turn              (no ring)

@: on berserk cooldown, slowed, very slow
A: horns 2, retaliatory headbutt
a: Renounce Religion, Berserk, Trog's Hand


You were on level 3 of the Dungeon.
You worshipped Trog.
Trog was pleased with you.
You visited 1 branch of the dungeon, and saw 3 of its levels.

You collected 99 gold pieces.

Inventory:

Hand Weapons
 a - a +0 hand axe (weapon)
Armour
 b - a +0 animal skin (worn)
Scrolls
 c - a scroll of fog {unknown}
 e - a scroll of summoning {unknown}
 f - a scroll of identify
 g - a scroll of vulnerability {unknown}
 k - a scroll of enchant armour {unknown}
Potions
 d - a potion of degeneration {unknown}
 h - a potion of haste {unknown}
 i - 2 potions of ambrosia {unknown}
 j - a potion of curing


   Skills:
 + Level 5.1 Fighting
 + Level 5.1 Axes
 - Level 2.4 Armour
 - Level 2.1 Dodging


You had 3 spell levels left.
You didn't know any spells.
Your spell library was empty.

Dungeon Overview and Level Annotations

Branches:
Dungeon (3/15)

Altars:
Xom


Innate Abilities, Weirdness & Mutations

You have a pair of horns on your head.
You reflexively headbutt those who attack you in melee.


Message History

You miss the goblin. You hit the endoplasm.
You kill the endoplasm!
Trog accepts your kill. The goblin hits you with a +0 club.
You barely miss the goblin.
You headbutt the goblin, but do no damage.
The goblin barely misses you.
The angel rambles incoherently.
The goblin hits you but does no damage.
You hit the goblin.
You kill the goblin!
Trog accepts your kill.
The angel lectures its feet at length about the one true way.
The black bear bites you.
The black bear claws you but does no damage.
The black bear claws you.
* * * LOW HITPOINT WARNING * * *
The angel lectures the ground at length about just saying no to mutations.
You see here a +0 club.
The black bear bites you.
* * * LOW HITPOINT WARNING * * *
The black bear claws you.
* * * LOW HITPOINT WARNING * * *
The black bear barely misses you.
The black bear closely misses you. x2; The black bear misses you.
A worm comes into view.
The black bear barely misses you. The black bear claws you.
* * * LOW HITPOINT WARNING * * *
The black bear claws you but does no damage.
The black bear closely misses you. The black bear misses you.
The black bear claws you.
* * * LOW HITPOINT WARNING * * *
As you read the scroll labelled DEOMIOMIOT, it crumbles to dust.
It is a scroll of identify.
j - a potion of curing The black bear closely misses you.
You furiously retaliate!
You headbutt the black bear! The black bear claws you.
* * * LOW HITPOINT WARNING * * *
The black bear claws you.
You die...

.........#
############ #...)...#
...........###.......#
.....#####.....).....#
.....# ##..#####.###
.....## #### #..#
......# #.## ......#
##h# ......# #@.#
..(...... #.##
######.#. #w# .... #.#
.. #.# #.# ##### #.#
..... #.# .#


You could see a black bear and a worm.

Vanquished Creatures
  An adder (D:3)
  2 worms
  2 dart slugs (D:2)
  6 endoplasms
  5 giant cockroaches
  10 goblins
  7 hobgoblins
  6 jackals
  4 quokkas
  5 ball pythons
  2 bats
  4 frilled lizards
  3 kobolds
  3 rats
60 creatures vanquished.

Notes
Turn   | Place    | Note
-------+----------+-------------------------------------------
     0 | D:1      | SnakkuSnakku7 the Minotaur Berserker began the quest for
                  | the Orb.
     0 | D:1      | Reached XP level 1. HP: 19/19 MP: 0/0
   114 | D:1      | Reached XP level 2. HP: 27/27 MP: 1/1
   566 | D:2      | Reached XP level 3. HP: 26/34 MP: 2/2
   588 | D:2      | Reached ** piety under Trog
   756 | D:2      | Found a faded altar of an unknown god.
  1115 | D:3      | Reached XP level 4. HP: 23/41 MP: 3/3
  1121 | D:3      | Reached skill level 5 in Axes
  1131 | D:3      | Reached skill level 5 in Fighting
  1156 | D:3      | Found a shimmering altar of Xom.
  1156 | D:3      | Noticed an angel
  1157 | D:3      | Noticed a black bear
  1170 | D:3      | HP: 2/42 [black bear (2)]
  1170 | D:3      | Slain by a black bear

Illustrated notes

Levels and vault maps discovered:
D:1:      amcnicky_arrival_wind_blow, layout_basic, supply_closet_lemuel
D:2:      layout_rooms, chequers_ecumenical_altar_grove, minmay_goblin_outpost
D:3:      layout_rooms, grunt_temple_overflow_order_and_chaos_1

Skill      XL: |  1  2  3  4 |
---------------+-------------+-----
Fighting       | 4 5 |  5.1
Axes           | 4 5 |  5.1
Armour         | |  2.4
Dodging        | |  2.1

Action                   |  1- 3 |  4- 6 || total
-------------------------+-------+-------++-------
Melee: Hand axe          |    92 |    16 ||   108
       Headbutt          |    11 |     3 ||    14
Invok: Berserk           |     1 |     1 ||     2
  Use: Scroll            |     1 |     1 ||     2
Armor: Animal skin       |    19 |     5 ||    24
Dodge: Dodged            |    75 |    13 ||    88
